 Dungeon Crawl Stone Soup version 0.25-a0-482-g9b3b753f3f (webtiles) character file.

Game seed: 6514633850577216436, levelgen mode: deterministic

169 Emblim88 the Chopper (level 5, 0/70 HPs)
             Began as a Hill Orc Monk on Feb 10, 2020.
             Slain by a gnoll
             ... wielding a +0 spear
              (3 damage)
             ... on level 3 of the Dungeon.
             The game lasted 00:06:39 (2045 turns).

Emblim88 the Chopper (Hill Orc Monk)                Turns: 2045, Time: 00:06:40

Health: 0/70       AC: 22    Str: 12 (15) XL:     5   Next: 50%
Magic:  5/5        EV:  2    Int:  8 (10) God:
Gold:   191        SH:  0    Dex: 10 (13) Spells: 4/4 levels left

rFire    . . .     SeeInvis .   a - +0 hand axe
rCold    . . .     Gourm    .   (no shield)
rNeg     + + +     Faith    .   (armour currently unavailable)
rPois    +         Spirit   .   (helmet currently unavailable)
rElec    .         Reflect  .   (cloak currently unavailable)
rCorr    .         Harm     .   (gloves currently unavailable)
MR       .....     NoTele   +   (boots currently unavailable)
Stlth    ++........             (no amulet)
HPRegen  0.21/turn              (no ring)
MPRegen  0.09/turn              (no ring)

@: tree-form, berserk cooldown, slowed, very slow
A: no striking features
a: no special abilities


You were on level 3 of the Dungeon.
You were hungry.
You were a tree.
You visited 1 branch of the dungeon, and saw 3 of its levels.

You collected 191 gold pieces.

Inventory:

Hand Weapons
 a - a +0 hand axe (weapon)
 l - a +0 hunting sling
Missiles
 f - 42 stones (quivered)
 m - 14 sling bullets
 n - 8 javelins
Armour
 b - a +0 robe
 h - a +2 pair of gloves (melded)
 j - a +0 chain mail
 p - a +0 ring mail (melded)
Jewellery
 r - a cursed ring of attention {unknown}
Scrolls
 d - 3 scrolls of identify {unknown}
 e - 3 scrolls of teleportation {unknown}
 g - 2 scrolls of amnesia {unknown}
 i - 7 scrolls of remove curse {unknown}
Potions
 k - a potion of lignification
 o - a potion of degeneration
Comestibles
 c - 4 rations


   Skills:
 + Level 4.9 Fighting
 + Level 5.4 Axes
 + Level 1.8 Armour
 + Level 3.3 Dodging
 - Level 1.5 Stealth


You had 4 spell levels left.
You didn't know any spells.
Your spell library was empty.

Dungeon Overview and Level Annotations

Branches:
Dungeon (3/15)

Altars:
Dithmenos
Sif Muna


Message History

You slash the gnoll!
The gnoll is severely wounded.
The gnoll hits you with a +0 spear.
* * * LOW HITPOINT WARNING * * *
You slash the gnoll!
You kill the gnoll!
The gnoll hits you but does no damage.
You cannot move.
You cannot move.
You cannot move.
The gnoll barely misses you.
You feel a strong urge to attack something.
The gnoll hits you but does no damage.
You feel your anger nearly subside.
You are no longer berserk.
You are exhausted.
You feel yourself slow down. The gnoll hits you but does no damage.
You cannot move.
The gnoll hits you but does no damage.
The gnoll hits you from afar with a +0 spear.
You die...

≈≈≈≈.. #.#.# ≈≈≈≈≈..##.#.#
.≈≈≈≈...#.#.# ...≈..⌠...#.#
.......[...# ##+# ...........#
#... #.......# #...
#.......#####+#####+####...
#.....#..)♣)g..............
#...#.######......[......!.
.####...#.######.....).........
........#......................
.###....#...................###
#...>#...................# #
#....'.......##########.....
#.####....#....... #.....
#.........#....... #.....


You could see a gnoll.

Vanquished Creatures
  3 gnolls (D:3)
  6 adders (D:2)
  4 worms (D:2)
  2 dart slugs
  A leopard gecko (D:1)
  2 ball pythons
  10 bats
  4 giant cockroaches
  5 goblins
  10 hobgoblins
  7 jackals
  7 kobolds
  7 frilled lizards
  4 rats
72 creatures vanquished.

Notes
Turn   | Place    | Note
-------+----------+-------------------------------------------
     0 | D:1      | Emblim88 the Hill Orc Monk began the quest for the Orb.
     0 | D:1      | Reached XP level 1. HP: 19/19 MP: 1/1
   141 | D:1      | Reached XP level 2. HP: 27/27 MP: 2/2
   258 | D:1      | Reached XP level 3. HP: 26/33 MP: 3/3
   989 | D:2      | Reached XP level 4. HP: 31/41 MP: 4/4
  1010 | D:2      | Found a shadowy altar of Dithmenos.
  1030 | D:2      | Reached skill level 5 in Axes
  1046 | D:2      | Reached skill level 1 in Armour
  1534 | D:2      | Reached XP level 5. HP: 37/47 MP: 5/5
  1841 | D:2      | Found a shimmering blue altar of Sif Muna.
  2037 | D:3      | HP: 4/105 [gnoll/+0 spear (4)]
  2045 | D:3      | Slain by a gnoll

Levels and vault maps discovered:
D:1:      dpeg_arrival_three_bigger_balls, layout_rooms
D:2:      layout_loops_ring, marbit_many_paths,
          grunt_dithmenos_smoke_and_mirrors, minmay_randomly_rotated_circles
D:3:      minmay_spotlight, layout_basic, nicolae_overflow_crystal_walls,
          lemuel_coloured_pillars_altar, kiku_gazebo_pond_becter,
          overflow_temple_1_default, lemuel_statue_altar

Skill      XL: |  1  2  3  4 |
---------------+-------------+-----
Fighting       | 4 |  4.9
Dodging        | 3 |  3.3
Axes           | 5 |  5.4
Armour         | 1 |  1.8
Stealth        | |  1.5

Action                   |  1- 3 |  4- 6 || total
-------------------------+-------+-------++-------
Melee: Hand axe          |   109 |   125 ||   234
 Fire: Hunting sling     |       |     6 ||     6
  Use: Potion            |     1 |     5 ||     6
 Stab: Sleeping          |     3 |     1 ||     4
  Eat: Chunk             |       |     3 ||     3
Armor: Robe              |    23 |     6 ||    29
       Chain mail        |       |    10 ||    10
       Ring mail         |       |    23 ||    23
       Skin              |       |     9 ||     9
Dodge: Dodged            |    99 |    80 ||   179

Table legend:
 A = Non-vault XP
 B = Vault XP
 C = Vault XP percentage of total XP
 D = Non-vault monster count
 E = Vault monster count
 F = Vault count percentage of total count
                 A         B        C        D         E       F
            +---------+---------+-------+---------+---------+-------
      Total |     215 |      27 |  11.2 |      65 |       7 |   9.7
            +---------+---------+-------+---------+---------+-------
        D:1 |      56 |       0 |   0.0 |      32 |       0 |   0.0
        D:2 |     112 |      27 |  19.4 |      27 |       7 |  20.6
        D:3 |      47 |       0 |   0.0 |       6 |       0 |   0.0
            +---------+---------+-------+---------+---------+-------
